cohdb
Replays
Latest Replays
All Replays
Popular Replays
Top Player Replays
Match Explorer
How It Works
Community
CoH3 Stats
Reddit
Sign in to upload your games and track your stats! →
Sign in with Steam
Match 44215230
Unlisted
Match 44215230
Overview
Messages
Build Orders
End
Kradschützen Motorcycle Team
Panzergrenadier Squad
Selects Italian Infantry
Panzergrenadier Squad
Construct Light Support Kompanie
Panzerjäger Squad
Fire Support Elements
Selects Defensive Operations
Flakvierling Half-track
Panzergrenadier Squad
2.5-tonne Medical Truck
Assault Mechanized Group
Selects Prepared Positions
Veteran Squad Leaders
Pak 38 Anti-tank Gun Team
Construct Panzerarmee Kommand
Panzerjäger Mechanized Group
Panzer III L Medium Tank
Armored Reserves
Panzer IV Assault Group
Selects Guastatori Squad
Selects Registered Artillery
Selects Towed Cannone da 105/28 Field Howitzer
Panzer III L Medium Tank
Registered Artillery
Vehicle Survival Package
Selects Obice 305mm Barrage
Registered Artillery
Tungsten Core Ammunition
woof_raff
dark.willow121
AUS Potato
翼姐Put&dis
0
0
Comments
sign in to comment!
No comments posted yet!